 Dungeon Crawl Stone Soup version 0.19.0-19-g8c6edcc (webtiles) character file.

608743 HungrySpirit the Slayer (level 26, -10/229 HPs)
             Began as a Mummy Gladiator on Nov 13, 2016.
             Was an Initiate of Gozag.
             Killed from afar by an orb of fire (35 damage)
             ... with a bolt of fire
             ... on level 5 of the Realm of Zot on Nov 14, 2016.
             The game lasted 02:43:11 (88891 turns).

HungrySpirit the Slayer (Mummy Gladiator)          Turns: 88891, Time: 02:43:12

Health: -10/229    AC: 34    Str: 26 (32) XL:     26   Next: 70%
Magic:  32/32      EV: 13    Int:  6 (10) God:    Gozag
Gold:   95         SH: 14    Dex: 10 (11) Spells: 0 memorised, 25 levels left

rFire  + . .     SeeInvis +     L - +11 war axe of Discretion {elec, +Inv Str+2}
rCold  + . .     Gourm    .     r - +5 plate armour "Pyificoc" {rElec rCorr Int+4 Dex-4}
rNeg   + + +     Faith    .     p - +0 shield {reflect}
rPois  ∞         Spirit   .     K - +0 mask of the Dragon {MR+ Slay+3 SInv}
rElec  +         Reflect  +     M - +2 cloak {MR+}
rCorr  +         Harm     .     k - +3 pair of gauntlets of War {Slay+5}
MR     +++++                    O - +1 pair of boots {run}
Stlth  ..........               S - amulet of regeneration
                                h - ring "Vadolot" {rF+ MP+9 Str+3 Int-2}
                                I - ring "Sumpon" {rCorr rF+ rN+}

@: about to teleport, gold aura, quick
A: no food or potions, fire vulnerability, cold resistance 1, negative energy
resistance 3, torment resistance, unbreathing, in touch with death 2
a: Potion Petition, Call Merchant, Bribe Branch, Renounce Religion, Evoke
Invisibility
}: 3/15 runes: decaying, serpentine, silver


You were on level 5 of the Realm of Zot.
You worshipped Gozag.
Gozag was noncommittal.
You were not hungry.

You visited 10 branches of the dungeon, and saw 50 of its levels.
You also visited: Labyrinth.

You collected 29685 gold pieces.
You spent 6456 gold pieces at shops.
You paid 23134 gold pieces to Gozag.

Inventory:

Hand Weapons
 C - a +9 executioner's axe of flaming
 J - a +1 vampiric war axe
 L - the +11 war axe of Discretion (weapon) {elec, +Inv Str+2}
   (You bought it in a shop on level 2 of the Orcish Mines)

   Occasionally, upon striking a foe, it will discharge some electrical energy
   and cause terrible harm.
   It affects your strength (+2).
   It lets you turn invisible.
Missiles
 d - 7 throwing nets (quivered)
Armour
 e - a +2 crystal plate armour
 k - the +3 pair of gauntlets of War (worn) {Slay+5}
   (You took it off Nikola on level 1 of the Swamp)

   It affects your accuracy and damage with ranged weapons and melee attacks
   (+5).
 p - a +0 shield of reflection (worn)
 q - the +2 pair of boots of Parlour Games {MR+}
   (You acquired it on level 2 of the Orcish Mines)

   It affects your resistance to hostile enchantments.
 r - the +5 plate armour "Pyificoc" (worn) {rElec rCorr Int+4 Dex-4}
   (You bought it in a shop on level 2 of the Lair of Beasts)

   It affects your intelligence (+4).
   It affects your dexterity (-4).
   It insulates you from electricity.
   It protects you from acid and corrosion.
 K - the +0 mask of the Dragon (worn) {MR+ Slay+3 SInv}
   (You bought it in a shop on level 6 of the Lair of Beasts)

   It affects your accuracy and damage with ranged weapons and melee attacks
   (+3).
   It affects your resistance to hostile enchantments.
   It lets you see invisible.
 M - a +2 cloak of magic resistance (worn)
 N - the +0 pair of fencer's gloves {+Riposte Dex+3}
   (You bought it in a shop on level 4 of the Depths)

   It affects your dexterity (+3).
 O - a +1 pair of boots of running (worn)
Rods
 A - a +7 lightning rod (12/12)
   (You took it off a minotaur in a labyrinth)
 E - a +0 iron rod (10/10)
   (You found it in a labyrinth)
Jewellery
 c - a +3 amulet of reflection
 h - the ring "Vadolot" (right hand) {rF+ MP+9 Str+3 Int-2}
   (You bought it in a shop on level 15 of the Dungeon)

   [ring of magical power]

   It affects your strength (+3).
   It affects your intelligence (-2).
   It protects you from fire.
   It affects your magic capacity (+9).
 m - an uncursed ring of protection from cold
 s - an uncursed ring of resist corrosion
 u - an uncursed ring of flight
 H - the ring "Joczul" {rElec Str+4 Int+4 SInv}
   (You took it off a deep elf annihilator on level 3 of the Elven Halls)

   [ring of see invisible]

   It affects your strength (+4).
   It affects your intelligence (+4).
   It insulates you from electricity.
   It lets you see invisible.
 I - the ring "Sumpon" (left hand) {rCorr rF+ rN+}
   (You took it off a death knight on level 1 of the Depths)

   [ring of resist corrosion]

   It protects you from fire.
   It protects you from negative energy.
 S - an amulet of regeneration (around neck)
Wands
 t - a wand of confusion (26/48)
 z - a wand of disintegration (15/24)
 B - a wand of heal wounds (0/9)
 P - a wand of digging (8/24)
 Q - a wand of heal wounds (0/9)
Scrolls
 a - 5 scrolls of fog
 b - 4 scrolls of silence
 g - 10 scrolls of fear
 i - 4 scrolls of teleportation
 j - 2 scrolls of torment
 n - 6 scrolls of immolation
 o - 7 scrolls of enchant weapon
 w - 12 scrolls of enchant armour
 x - 26 scrolls of remove curse
 D - 9 scrolls of identify
 F - 2 scrolls of brand weapon
Miscellaneous
 f - a box of beasts
 G - a lamp of fire


   Skills:
 * Level 23.3 Fighting
 * Level 23.3 Axes
 - Level 1.5 Throwing
 * Level 17.7 Armour
 * Level 12.2 Dodging
 - Level 15.2 Shields


You had 25 spell levels left.
You didn't know any spells.

Dungeon Overview and Level Annotations

Branches:
Dungeon (15/15)            Temple (1/1) D:4            Lair (6/6) D:8
  Swamp (4/4) Lair:3        Snake (4/4) Lair:2        Slime (0/5) Lair:5
    Orc (2/2) D:11            Elf (3/3) Orc:2        Vaults (5/5) D:14
  Crypt (0/3) Vaults:3     Depths (5/5) D:15            Zot (5/5) Depths:5

Altars:
Ashenzari
Cheibriados
Dithmenos
Elyvilon
Fedhas
Gozag
Hepliaklqana
Kikubaaqudgha
Makhleb
Nemelex Xobeh
Okawaru
Qazlal
Ru
Sif Muna
Trog
Uskayaw
Vehumet
Xom
Yredelemnul
Zin
The Shining One
Beogh
Jiyva
Lugonu

Shops:
D:4 (   D:5 !   D:7 *   D:10 (   D:15 *   Orc:2 *[=(   Elf:2 }[(?(   Lair:2 [
Lair:6 [   Snake:1 }   Snake:2 ==}   Snake:3 (   Snake:4 =(?(*   Vaults:1 ?
Vaults:2 *   Depths:4 [

Portals:
Hell: Depths:1 Depths:2 Depths:3 Depths:4
Abyss: Depths:4
Pandemonium: Depths:1 Depths:3
Ziggurat: Depths:2

Annotations:
Lair:5 1 runed door
Swamp:3 exclusion: Roxanne, Roxanne
Snake:3 Enish's ghost, adept KoCj
Elf:2 3 runed doors
Zot:5 exclusion: upstairs


Innate Abilities, Weirdness & Mutations

You do not eat or drink.
Your flesh is vulnerable to fire.
You are immune to poison.
Your flesh is cold resistant. (rC+)
You are immune to negative energy. (rN+++)
You are immune to unholy pain and torment.
You can survive without breathing.
You are strongly in touch with the powers of death.


Message History

Unknown command.
The Killer Klown blinks!
The orb of fire glows yellow.
The bolt of fire hits you! You resist.
* * * LOW HITPOINT WARNING * * *
Unknown command.
The orb of fire glows yellow.
The fireball explodes!
The fireball engulfs you! You resist.
* * * LOW HITPOINT WARNING * * *
The fireball engulfs the orb of fire.
The orb of fire completely resists.
The orb of fire is distracted by the nearby gold.
The orb of fire glows bright magenta.
Strange energies course through your body.
Your body decomposes!
You feel dopey.
The orb of fire is no longer distracted by gold.
The orb of fire glows red.
The bolt of fire hits you! You resist.
You die...
Your body crumbles into a pile of gold.

.... ....
.....
...(......
..........
▓▓.........
▓▓..*.......
▓▓@..........
▓.D$..p......
▓.*.§§.......
▓▓.§§§.......
▓▓§§§§......
▓▓▓▓§....}.
▓▓▓▓▓▓▓


You could see 2 orbs of fire, a Killer Klown and a storm dragon.

Vanquished Creatures
  An ancient lich (Zot:5)
  8 orbs of fire (Zot:5)
  Mara (Swamp:4)
  A greater mummy (Depths:4)
  Bai Suzhen (Depths:2)
  Saint Roka (Vaults:3)
  A Killer Klown (Zot:5)
  2 curse toes (Zot:5)
  A profane servitor (Depths:1)
  8 golden dragons
  Nikola (Swamp:1)
  the Enchantress (Depths:3)
  5 electric golems
  Jorgrun (Vaults:3)
  9 tentacled monstrosities
  7 Orb Guardians (Zot:5)
  2 titans
  2 deep elf blademasters (Elf:3)
  2 quicksilver dragons
  A sphinx (shapeshifter) (Vaults:4)
  4 liches
  A deep elf master archer (Elf:3)
  13 sphinxes
  Gastronok (Lair:2)
  5 death cobs
  Frances (D:13)
  A thorn hunter (Swamp:2)
  8 storm dragons
  10 tengu reavers
  Donald (D:11)
  A fire giant (shapeshifter) (Depths:3)
  8 shadow dragons
  2 draconian monks
  A revenant (Vaults:3)
  A storm dragon (shapeshifter) (Depths:3)
  14 frost giants
  11 fire giants
  4 ghost moths
  11 nagarajas
  An iron dragon (Depths:5)
  4 draconian scorchers
  6 deep elf sorcerers
  Aizul (Snake:2)
  2 draconian shifters
  Louise (D:13)
  3 draconian zealots
  17 vault wardens
  The ghost of C0ssack the Executioner, a journeyman MiBe of Trog (Swamp:1)
  2 deep elf elementalists (Elf:3)
  A draconian caller (Zot:4)
  12 stone giants
  19 ironheart preservers
  An entropy weaver (shapeshifter) (Depths:3)
  3 spriggan defenders (Depths:3)
  A war gargoyle (Depths:3)
  21 very ugly things
  2 entropy weavers (Vaults:4)
  5 black draconians
  2 lorocyprocas (Depths:3)
  Nessos (Lair:4)
  2 vampire knights
  6 deep elf demonologists
  7 deep elf annihilators
  6 white draconians
  4 green draconians
  5 spark wasps
  The ghost of Chiseanne the Spry, a journeyman SpMo of Dithmenos (Snake:4)
  3 mottled draconians (Depths:5)
  4 yellow draconians
  A spark wasp (shapeshifter) (Depths:3)
  5 red draconians
  4 purple draconians
  8 deep elf death magi
  13 ettins
  Snorg (D:14)
  6 mummy priests (Depths:4)
  2 pearl dragon zombies (Depths:1)
  2 crystal guardians (Depths:3)
  Harold (Orc:1)
  2 jiangshi (Depths:2)
  2 deep elf high priests
  A minotaur (Lab)
  14 ice dragons
  4 great orbs of eyes
  13 yaktaur captains
  An ice dragon (shapeshifter) (Depths:3)
  15 naga warriors
  15 fire dragons
  4 rakshasas
  36 vault guards
  Erolcha (D:12)
  Erica (D:11)
  4 death knights
  8 spriggan air magi
  22 hydras
  A ghost crab (Swamp:4)
  12 centaur warriors
  15 anacondas
  2 catoblepae
  8 alligators
  13 deep troll shamans
  8 tengu warriors
  A death yak (shapeshifter) (Depths:3)
  14 ogre magi
  13 deep troll earth magi
  6 shock serpents (Snake:4)
  3 hell hogs (Depths:1)
  2 orc high priests (Orc:2)
  3 vampire magi
  2 spriggan berserkers
  10 naga sharpshooters
  Sonja (Lair:2)
  16 deep elf knights
  A shadow wraith (Vaults:1)
  A storm dragon zombie (Vaults:3)
  3 skeletal warriors (Vaults:1)
  4 salamander mystics
  2 fire crabs (shapeshifter)
  A storm dragon skeleton (Vaults:3)
  2 spriggan druids
  A fire crab (Swamp:4)
  11 hell knights
  3 flayed ghosts
  A golden dragon zombie (Depths:2)
  9 unseen horrors
  6 swamp dragons
  34 deep trolls
  15 deep elf archers
  3 glowing orange brains
  5 iron trolls
  4 shambling mangroves
  26 ironbrand convokers
  3 phantasmal warriors
  11 wizards
  A lindwurm (Swamp:4)
  6 necromancers
  10 naga ritualists
  10 hill giants
  70 deep elf magi
  14 orc knights
  A frost giant zombie (Depths:2)
  8 wolf spiders
  A wolf spider zombie (D:15)
  2 mana vipers (shapeshifter)
  12 salamanders
  4 orc sorcerers
  6 mana vipers
  52 ugly things
  An orb spider (shapeshifter) (Vaults:3)
  2 manticores
  9 moths of wrath
  A shining eye (shapeshifter) (Vaults:3)
  A stone giant zombie (Vaults:3)
  A guardian serpent (shapeshifter) (Vaults:3)
  6 cyclopes
  4 apis skeletons (Depths:1)
  7 elephants
  A fire giant skeleton (Depths:2)
  6 guardian serpents
  31 black mambas
  14 naga magi
  2 torpor snails (Lair:6)
  An elf zombie (Depths:2)
  Joseph (D:9)
  A black mamba (shapeshifter) (Depths:1)
  2 spiny frogs (shapeshifter)
  4 gargoyles
  21 vault sentinels
  23 spiny frogs
  6 rime drakes
  A komodo dragon (shapeshifter) (Depths:4)
  12 komodo dragons
  2 centaur skeletons
  14 freezing wraiths
  A yaktaur zombie (Vaults:3)
  51 yaktaurs
  A human skeleton (Vaults:3)
  2 guardian mummies (Depths:4)
  2 yaktaur skeletons (Vaults:3)
  6 tengu conjurers
  21 two-headed ogres
  A jumping spider (Vaults:4)
  A polar bear (shapeshifter) (Vaults:3)
  A troll (shapeshifter) (Vaults:2)
  A wind drake (shapeshifter) (Depths:1)
  12 trolls
  18 hornets
  3 polar bears
  30 slime creatures
  An ettin zombie (Vaults:3)
  5 tyrant leeches
  29 blink frogs
  7 bog bodies
  A human simulacrum (Vaults:3)
  14 hippogriffs
  A redback (shapeshifter) (Depths:1)
  3 redbacks (Vaults:4)
  3 shadows
  3 spriggans
  2 wraiths
  11 air elementals
  10 water elementals
  4 hogs (D:7)
  A vampire (D:13)
  5 wyverns
  Sigmund (D:2)
  Eustachio (D:4)
  A human (shapeshifter) (Depths:1)
  73 yaks
  18 humans
  3 fire bats (Swamp:4)
  2 basilisks (Lair:6)
  A basilisk (shapeshifter) (Depths:1)
  2 fire elementals
  2 hungry ghosts
  A yaktaur simulacrum (Vaults:3)
  5 steam dragons (Swamp:4)
  4 wargs
  12 vampire mosquitoes
  54 nagas
  17 insubstantial wisps
  22 swamp worms
  2 mottled dragons
  20 water moccasins
  A hell hound (Depths:5)
  2 floating eyes (Depths:2)
  A soldier ant (D:13)
  Duvessa (D:7)
  8 swamp drakes
  A hell hound (shapeshifter) (Vaults:2)
  14 porcupines
  6 ice beasts
  43 orc warriors
  5 sky beasts
  A black bear (D:12)
  2 eyes of draining (shapeshifter)
  4 eyes of draining
  11 wolves
  60 ogres
  A necrophage (D:11)
  4 boggarts (Vaults:1)
  24 centaurs
  15 crocodiles
  3 big kobolds
  A gnoll sergeant (D:7)
  Blork the orc (D:4)
  14 bullfrogs
  3 earth elementals (Elf:3)
  Dowan (D:7)
  A water moccasin skeleton (D:8)
  A wyvern skeleton (D:13)
  5 scorpions
  10 killer bees
  12 wights
  4 howler monkeys
  An electric eel (Lair:3)
  2 bullfrog zombies
  5 crimson imps
  A quasit (D:12)
  4 centaur zombies
  A bullfrog skeleton (D:10)
  34 orc wizards
  10 hounds
  5 jellies
  An iron imp (Depths:2)
  22 orc priests
  Terence (D:2)
  6 iguanas
  9 worker ants
  A hound skeleton (D:9)
  2 howler monkey zombies
  A worker ant zombie (D:5)
  5 gnolls (D:7)
  17 adders
  4 shadow imps
  An ufetubus (Depths:1)
  An adder skeleton (D:7)
  An adder zombie (D:6)
  4 worms
  2 dart slugs (D:1)
  11 leopard geckos
  120 orcs
  A ball python (D:1)
  9 bats
  6 giant cockroaches
  9 goblins
  6 hobgoblins
  15 jackals
  4 quokkas
  5 frilled lizards
  A frilled lizard (shapeshifter) (Vaults:2)
  31 kobolds
  A quokka skeleton (D:5)
  3 rats
  6 briar patches (Swamp:2)
  6 fungi
  6 plants
2264 creatures vanquished.

Vanquished Creatures (collateral kills)
  2 Killer Klowns (Zot:5)
  A tentacled monstrosity (Zot:5)
  3 Orb Guardians (Zot:5)
  2 quicksilver dragons
  3 shadow dragons (Vaults:5)
  A death cob (Zot:5)
  3 storm dragons
  A tengu reaver (Vaults:5)
  2 draconian monks (Zot:4)
  2 fire giants (Vaults:5)
  An orc warlord (Orc:2)
  A frost giant (Vaults:5)
  2 vault wardens (Vaults:5)
  An ironheart preserver (Vaults:5)
  A draconian annihilator (Zot:4)
  2 stone giants (Vaults:5)
  2 green draconians (Zot:4)
  A deep elf demonologist (Vaults:5)
  An ironbrand convoker (Vaults:5)
  A deep elf archer (Vaults:5)
  An orc knight (Vaults:5)
  5 moths of wrath
  2 vault sentinels (Vaults:5)
  A yaktaur (Vaults:5)
  An ogre (Vaults:5)
43 creatures vanquished.

Vanquished Creatures (others)
  3 tentacled monstrosities
  An Orb Guardian (Zot:5)
  Asterion (Vaults:1)
  A deep elf master archer (Depths:3)
  2 titans (Vaults:5)
  A death cob (Zot:5)
  A tengu reaver (Vaults:5)
  A shadow dragon (Zot:1)
  A vault warden (Vaults:5)
  A fire giant (Vaults:5)
  2 draconian shifters (Zot:1)
  An ironheart preserver (Vaults:5)
  A stone giant (Vaults:5)
  4 green draconians
  A deep elf demonologist (Vaults:5)
  A spark wasp (Depths:4)
  A red draconian (Zot:1)
  A purple draconian (Zot:1)
  3 mottled draconians (Zot:1)
  A yellow draconian (Zot:1)
  A white draconian (Zot:1)
  A deep elf death mage (Vaults:5)
  A merfolk javelineer (Depths:4)
  A yaktaur captain (Vaults:5)
  A hydra (Swamp:4)
  4 centaur warriors
  13 dancing weapons
  An alligator (Swamp:2)
  A deep elf knight (Elf:1)
  A deep troll (Vaults:5)
  2 swamp dragons (Swamp:4)
  An ironbrand convoker (Vaults:5)
  An orc sorcerer (Vaults:5)
  4 deep elf magi
  A moth of wrath (Zot:5)
  A spiny frog (Swamp:4)
  5 yaktaurs
  A fire elemental (Elf:3)
  A steam dragon (Swamp:4)
  A mottled dragon (Swamp:4)
  A swamp worm (Swamp:4)
  3 swamp drakes (Swamp:4)
  3 ogres (Vaults:5)
  6 centaurs (Depths:2)
  An orc wizard (Vaults:5)
  An orc priest (Orc:1)
  An orc (Vaults:5)
  A crawling corpse (Vaults:5)
  8 fungi
  21 plants
  7 toadstools (Swamp:2)
125 creatures vanquished.

Grand Total: 2432 creatures vanquished

Notes
Turn   | Place    | Note
-------+----------+-------------------------------------------
     0 | D:1      | HungrySpirit the Mummy Gladiator began the quest for the Orb.
     0 | D:1      | Reached XP level 1. HP: 16/16 MP: 1/1
   166 | D:1      | Reached XP level 2. HP: 22/22 MP: 2/2
   300 | D:1      | Reached XP level 3. HP: 15/27 MP: 3/3
   656 | D:2      | Noticed Sigmund
   879 | D:2      | Found a sparkling altar of Nemelex Xobeh.
   909 | D:2      | Killed Sigmund
   909 | D:2      | Reached skill level 5 in Axes
   909 | D:2      | Reached XP level 4. HP: 21/33 MP: 4/4
   909 | D:2      | Reached XP level 5. HP: 25/38 MP: 5/5
  1047 | D:2      | Found a shadowy altar of Dithmenos.
  1147 | D:2      | Noticed an air elemental
  1147 | D:2      | Noticed Terence
  1149 | D:2      | Found a stormy altar of Qazlal.
  1156 | D:2      | Killed Terence
  1157 | D:2      | Noticed a fire elemental
  1424 | D:2      | Noticed a water elemental
  1619 | D:3      | Found a sacrificial altar of Ru.
  1723 | D:3      | Reached XP level 6. HP: 37/46 MP: 6/6
  2699 | D:3      | Found a faded altar of an unknown god.
  2699 | D:3      | Found a faded altar of an unknown god.
  2704 | D:3      | Found a faded altar of an unknown god.
  2706 | D:3      | Found an iron altar of Okawaru.
  2707 | D:3      | Found a faded altar of an unknown god.
  2807 | D:4      | Found Gelyura's Weapon Shop.
  2903 | D:4      | Reached XP level 7. HP: 40/52 MP: 7/7
  3156 | D:4      | Noticed Blork the orc
  3170 | D:4      | Killed Blork the orc
  3192 | D:4      | Found a staircase to the Ecumenical Temple.
  3278 | Temple   | Entered the Ecumenical Temple
  3680 | D:4      | Noticed Eustachio
  3697 | D:4      | Killed Eustachio
  3922 | D:4      | Found an opulent altar of Gozag.
  4152 | D:4      | Became a worshipper of Gozag Ym Sagoz the Greedy
  4436 | D:5      | Entered Level 5 of the Dungeon
  4457 | D:5      | Reached XP level 8. HP: 35/61 MP: 8/8
  4754 | D:5      | Reached skill level 5 in Fighting
  4822 | D:5      | Found Xuigaonn's Distillery.
  5370 | D:5      | Found a glowing silver altar of Zin.
  6015 | D:6      | Found a hide-covered altar of Uskayaw.
  6131 | D:6      | Reached XP level 9. HP: 60/70 MP: 9/9
  7001 | D:7      | Got a bound granite ring
  7009 | D:7      | Identified the ring "Xyothrer" {Wiz rN+ Str+2} (You found it on level 7 of the Dungeon)
  7196 | D:7      | Found a blossoming altar of Fedhas.
  7266 | D:7      | Reached skill level 10 in Axes
  7707 | D:7      | Noticed Dowan
  7710 | D:7      | Noticed Duvessa
  7719 | D:7      | Reached XP level 10. HP: 66/80 MP: 10/10
  7731 | D:7      | Killed Dowan
  7871 | D:7      | Killed Duvessa
  7886 | D:7      | Bought a pair of jewelled boots for 237 gold pieces
  7891 | D:7      | Identified the cursed +0 pair of boots of Sunlight {rElec rC+++ MR- Int-5} (You bought it in a shop on level 7 of the Dungeon)
  8132 | D:8      | Found a shattered altar of Ashenzari.
  8135 | D:8      | Found a shadowy altar of Dithmenos.
  8138 | D:8      | Found a radiant altar of Vehumet.
  8141 | D:8      | Found a deep blue altar of Sif Muna.
  8231 | D:8      | Found a staircase to the Lair.
  9001 | D:9      | Noticed Joseph
  9016 | D:9      | Killed Joseph
  9401 | D:9      | Found a glowing golden altar of the Shining One.
  9535 | D:9      | Noticed a hill giant
  9542 | D:9      | Killed a hill giant
  9827 | D:9      | Found a basalt altar of Yredelemnul.
  9984 | D:9      | Reached XP level 11. HP: 51/89 MP: 11/11
 10690 | D:10     | Entered Level 10 of the Dungeon
 10845 | D:10     | Killed an unseen horror
 10845 | D:10     | Reached skill level 10 in Fighting
 11218 | D:10     | Noticed a hill giant
 11221 | D:10     | Noticed a hill giant
 11695 | D:10     | Killed a hill giant
 12143 | D:10     | Killed a hill giant
 12536 | D:11     | Found a labyrinth entrance.
 12582 | Lab      | Entered a labyrinth
 12667 | Lab      | Killed an unseen horror
 12681 | Lab      | Killed an unseen horror
 13246 | Lab      | Noticed a minotaur
 13290 | Lab      | Killed a minotaur
 13292 | Lab      | Got a faintly glowing turquoise ring
 13305 | Lab      | Identified the ring "Webex" {*Tele *Slow +Blink rPois Str+4} (You took it off a minotaur in a labyrinth)
 13497 | D:11     | Noticed Erica
 13504 | D:11     | Killed Erica
 13588 | D:11     | Reached XP level 12. HP: 95/100 MP: 12/12
 13608 | D:11     | Noticed Erolcha
 14845 | D:11     | Found a staircase to the Orcish Mines.
 15361 | D:11     | Reached skill level 1 in Shields
 16071 | D:12     | Killed Erolcha
 16375 | D:12     | Noticed a death knight
 16413 | D:12     | Killed a death knight
 17019 | Lair:1   | Entered Level 1 of the Lair of Beasts
 17286 | Lair:1   | Identified a scroll of acquirement
 17910 | Lair:1   | Noticed a six-headed hydra
 17916 | Lair:1   | Killed a six-headed hydra
 18033 | Lair:2   | Noticed Gastronok
 18062 | Lair:2   | Noticed Sonja
 18469 | Lair:1   | Gained mutation: You are in touch with the powers of death. [Mummy growth]
 18469 | Lair:1   | Reached XP level 13. HP: 103/108 MP: 13/13
 18574 | Lair:2   | Killed Sonja
 18746 | Lair:2   | Found a staircase to the Snake Pit.
 18998 | Lair:2   | Bought a glowing cloak for 252 gold pieces
 19095 | Lair:2   | Reached skill level 15 in Axes
 19655 | Lair:2   | Killed Gastronok
 21780 | Lair:3   | Found a staircase to the Swamp.
 22414 | Lair:2   | Bought a faintly glowing plate armour for 672 gold pieces
 22424 | Lair:2   | Identified the +5 plate armour "Pyificoc" {rElec rCorr Int+4 Dex-4} (You bought it in a shop on level 2 of the Lair of Beasts)
 23077 | Lair:4   | Noticed Nessos
 23094 | Lair:4   | HP: 5/111 [Nessos/arrow (1)]
 23630 | Lair:4   | Killed Nessos
 24215 | Lair:4   | Reached XP level 14. HP: 63/118 MP: 14/14
 25519 | Lair:5   | Found a runed door.
 25519 | Lair:5   | Found a viscous altar of Jiyva.
 25519 | Lair:5   | Found a staircase to the Slime Pits.
 26150 | Lair:6   | Entered Level 6 of the Lair of Beasts
 26158 | Lair:6   | Reached skill level 1 in Armour
 28088 | Lair:6   | Bought the +0 mask of the Dragon {MR+ Slay+3 SInv} for 534 gold pieces
 29202 | Lair:6   | Found a runed door.
 29480 | Orc:1    | Entered Level 1 of the Orcish Mines
 29552 | Orc:1    | Found a bloodstained altar of Trog.
 29660 | Orc:1    | Noticed Harold
 29701 | Orc:1    | Killed Harold
 30353 | Orc:2    | Entered Level 2 of the Orcish Mines
 30364 | Orc:2    | Noticed Donald
 30615 | Orc:1    | Reached XP level 15. HP: 105/127 MP: 15/15
 30776 | Orc:1    | HP: 4/127 [Donald/double sword of draining (29)]
 31212 | D:11     | Killed Donald
 31663 | Orc:2    | Got a pair of scorched boots
 31674 | Orc:2    | Identified the +2 pair of boots of Parlour Games {MR+} (You acquired it on level 2 of the Orcish Mines)
 31736 | Orc:2    | Found a staircase to the Elven Halls.
 32217 | Elf:1    | Entered Level 1 of the Elven Halls
 32363 | Orc:2    | Noticed an orc warlord
 32374 | Orc:2    | Killed an orc warlord
 32936 | Orc:2    | Found a roughly hewn altar of Beogh.
 32978 | Orc:2    | Found Ysext's Antique Armour Shop.
 32989 | Orc:2    | Found Qonaun's General Store.
 32991 | Orc:2    | Found Bisiph's Jewellery Shop.
 33015 | Orc:2    | Bought a scroll of blinking for 105 gold pieces
 33161 | Orc:2    | Found Xaorullu's Antique Weapon Shop.
 33167 | Orc:2    | Bought an ancient war axe for 238 gold pieces
 33391 | Orc:2    | Identified the +11 war axe of Discretion {elec, +Inv Str+2} (You bought it in a shop on level 2 of the Orcish Mines)
 33553 | Lair:2   | Bought a shiny buckler for 252 gold pieces
 33586 | Snake:1  | Entered Level 1 of the Snake Pit
 33781 | Snake:1  | Got a pair of dazzling boots
 33792 | Snake:1  | Identified the +0 pair of boots of Olyel {Dex+4} (You acquired it on level 1 of the Snake Pit)
 34007 | Snake:1  | Found Eczoc's Gadget Shop.
 34730 | Snake:2  | Noticed a nagaraja
 34749 | Snake:2  | Killed a nagaraja
 35187 | Snake:2  | Found Purr's Gadget Shoppe.
 35188 | Snake:2  | Found Cuiladi's Jewellery Boutique.
 35188 | Snake:2  | Found Saduphy's Jewellery Boutique.
 35198 | Snake:2  | Bought an uncursed ring of protection from fire for 275 gold pieces
 35221 | Snake:2  | Reached skill level 5 in Armour
 35252 | Snake:2  | Found a glowing golden altar of the Shining One.
 35411 | Snake:2  | Noticed a nagaraja
 35425 | Snake:2  | Killed a nagaraja
 35480 | Snake:2  | Noticed Aizul
 35487 | Snake:2  | Killed Aizul
 35507 | Snake:2  | Reached skill level 5 in Shields
 35546 | Snake:2  | Reached skill level 15 in Fighting
 35750 | Snake:3  | Noticed a nagaraja
 36159 | Snake:3  | Killed a nagaraja
 36701 | Snake:3  | Reached XP level 16. HP: 73/136 MP: 16/16
 37320 | Snake:4  | Entered Level 4 of the Snake Pit
 37337 | Snake:4  | Noticed Chiseanne's ghost (journeyman SpMo)
 37361 | Snake:4  | Killed Chiseanne's ghost
 37608 | Snake:4  | Found Motroug's Jewellery Emporium.
 37609 | Snake:4  | Found Hischahue's Magic Scroll Shoppe.
 37609 | Snake:4  | Found Minotzur's Antique Weapon Emporium.
 37612 | Snake:4  | Found Muonuc's Weapon Shoppe.
 40107 | Snake:4  | Bought a glowing bone wand for 144 gold pieces
 40107 | Snake:4  | Bought a scroll of identify for 72 gold pieces
 40276 | Snake:4  | Reached XP level 17. HP: 96/144 MP: 17/17
 41113 | Snake:4  | Got a serpentine rune of Zot
 41206 | Snake:3  | Noticed Enish's ghost (adept KoCj)
 42783 | Elf:2    | Found Fucku's Gadget Boutique.
 42843 | Elf:2    | Found Qoony's Antique Armour Shoppe.
 43073 | Elf:2    | Found Moeshe Vups's Magic Scroll Shop.
 43123 | Elf:2    | Found Liuproc's Antique Weapon Boutique.
 43330 | Elf:2    | Bought a pitted war axe for 314 gold pieces
 43330 | Elf:2    | Identified the +9 war axe of Nium Aqu {holy, +Inv} (You bought it in a shop on level 2 of the Elven Halls)
 43344 | Elf:2    | Found a runed gate.
 43356 | Elf:2    | Found a runed gate.
 43514 | Elf:2    | Found a runed gate.
 43547 | Elf:2    | Found Lijiaz's Antique Weapon Boutique.
 44016 | Elf:3    | Entered Level 3 of the Elven Halls
 44548 | Elf:3    | Noticed a deep elf master archer
 44550 | Elf:3    | Noticed a deep elf blademaster
 44554 | Elf:3    | Killed a deep elf master archer
 44563 | Elf:3    | Killed a deep elf blademaster
 44765 | Elf:3    | Reached XP level 18. HP: 125/153 MP: 18/18
 44901 | Elf:3    | Got a transparent brass ring
 45207 | Elf:3    | Reached skill level 10 in Shields
 45727 | Elf:3    | Identified a +1 pair of boots of running (You found it on level 3 of the Elven Halls)
 45807 | Elf:3    | Noticed a Hell Sentinel
 45830 | Elf:3    | Noticed a Brimstone Fiend
 46262 | Elf:3    | Identified the ring "Joczul" {rElec Str+4 Int+4 SInv} (You took it off a deep elf annihilator on level 3 of the Elven Halls)
 46360 | Elf:3    | Got a heavily runed cloak
 46361 | Elf:3    | Identified the cursed +0 cloak of Chill Winds {rN+ Str+2} (You found it on level 3 of the Elven Halls)
 47366 | D:12     | Reached skill level 10 in Armour
 47743 | D:13     | Noticed Frances
 47756 | D:13     | Killed Frances
 47889 | D:13     | Noticed Louise
 47901 | D:13     | Killed Louise
 48381 | D:14     | Noticed Snorg
 48390 | D:14     | Killed Snorg
 48881 | D:14     | Found a gate to the Vaults.
 49122 | D:15     | Entered Level 15 of the Dungeon
 49593 | D:15     | Found a staircase to the Depths.
 49864 | D:15     | Reached XP level 19. HP: 162/162 MP: 19/19
 50061 | D:15     | Bought a fine bronze ring for 130 gold pieces
 50061 | D:15     | Identified the ring "Vadolot" {rF+ MP+9 Str+3 Int-2} (You bought it in a shop on level 15 of the Dungeon)
 50120 | Vaults:1 | Entered Level 1 of the Vaults
 50655 | Vaults:1 | Found Ereh's Magic Scroll Shop.
 50660 | Vaults:1 | Bought a scroll of torment for 90 gold pieces
 50660 | Vaults:1 | Bought a scroll of teleportation for 36 gold pieces
 51303 | Vaults:1 | Noticed Asterion
 51321 | Vaults:1 | Killed Asterion
 52874 | Vaults:2 | Got a crude large shield
 52880 | Vaults:2 | Identified the +0 large shield "Yqas" {rC+++ Int+6 SInv Stlth-} (You acquired it on level 2 of the Vaults)
 53535 | Vaults:2 | Reached XP level 20. HP: 133/172 MP: 20/20
 54631 | Vaults:2 | Bought a scroll of teleportation for 102 gold pieces
 56036 | Vaults:3 | Found a staircase to the Crypt.
 56263 | Vaults:3 | Noticed Jorgrun
 56275 | Vaults:3 | Killed Jorgrun
 57204 | Vaults:3 | Noticed Saint Roka
 57311 | Vaults:3 | Killed Saint Roka
 58457 | Vaults:4 | Reached XP level 21. HP: 180/180 MP: 21/21
 60577 | Elf:2    | Bought 3 scrolls of acquirement for 2808 gold pieces
 60822 | Depths:1 | Entered Level 1 of the Depths
 61903 | Depths:1 | Found a one-way gate leading to the halls of Pandemonium.
 62073 | Depths:1 | Found a gateway to Hell.
 62967 | Depths:1 | Noticed a profane servitor
 62968 | Depths:1 | Found a basalt altar of Yredelemnul.
 62992 | Depths:1 | Killed a profane servitor
 63004 | Depths:1 | Got an ancient pewter ring
 63861 | Depths:2 | Reached skill level 5 in Dodging
 63929 | Depths:2 | Reached XP level 22. HP: 178/190 MP: 22/22
 64495 | Depths:2 | Noticed Bai Suzhen
 64520 | Depths:2 | Killed Bai Suzhen
 64833 | Depths:2 | Found a gateway to a ziggurat.
 67646 | Depths:3 | Identified the ring "Sumpon" {rCorr rF+ rN+} (You took it off a death knight on level 1 of the Depths)
 68038 | Depths:3 | Noticed the Enchantress
 69005 | Depths:3 | Killed the Enchantress
 69207 | Depths:3 | Noticed a golden dragon
 69217 | Depths:3 | Killed a golden dragon
 69228 | Depths:3 | Reached XP level 23. HP: 126/198 MP: 23/23
 71572 | Depths:4 | Reached skill level 15 in Shields
 72145 | Depths:4 | Noticed a greater mummy
 72174 | Depths:4 | Killed a greater mummy
 72439 | Depths:4 | Got a pair of transparent boots
 72440 | Depths:4 | Identified the +0 pair of boots "Riebbip" {rPois Int+4} (You found it on level 4 of the Depths)
 72557 | Depths:4 | Found a corrupted altar of Lugonu.
 72557 | Depths:4 | Found a one-way gate to the infinite horrors of the Abyss.
 72690 | Depths:4 | Reached skill level 15 in Armour
 72906 | Depths:5 | Entered Level 5 of the Depths
 73117 | Depths:5 | Noticed a juggernaut
 73850 | Depths:5 | Reached XP level 24. HP: 108/208 MP: 23/23
 74623 | Depths:5 | Found a runed door.
 74627 | Depths:5 | Found a runed door.
 74632 | Depths:5 | Found a gate to the Realm of Zot.
 74682 | Depths:5 | Found a runed door.
 74897 | Depths:5 | Found a runed door.
 74936 | Depths:5 | Found a runed door.
 74940 | Depths:5 | Found a runed door.
 75414 | Depths:4 | Bought the +0 pair of fencer's gloves {+Riposte Dex+3} for 195 gold pieces
 75883 | Swamp:1  | Entered Level 1 of the Swamp
 76129 | Swamp:1  | Noticed C0ssack's ghost (journeyman MiBe)
 76159 | Swamp:1  | Killed C0ssack's ghost
 76432 | Swamp:1  | Noticed Nikola
 76474 | Swamp:1  | Killed Nikola
 78132 | Swamp:3  | Noticed Roxanne
 78345 | Swamp:4  | Entered Level 4 of the Swamp
 78351 | Swamp:4  | Noticed Mara
 78352 | Swamp:4  | Noticed HungrySpirit's illusion
 78675 | Swamp:4  | Noticed HungrySpirit's illusion
 79158 | Swamp:4  | Noticed HungrySpirit's illusion
 79195 | Swamp:4  | Noticed HungrySpirit's illusion
 79200 | Swamp:4  | Killed Mara
 80131 | Swamp:4  | Got a decaying rune of Zot
 80679 | Vaults:5 | Entered Level 5 of the Vaults
 81486 | Vaults:4 | Reached XP level 25. HP: 203/216 MP: 23/23
 82301 | Vaults:5 | Got a silver rune of Zot
 82314 | Vaults:5 | Got a pair of spiked gloves
 82315 | Vaults:5 | Identified the cursed +0 pair of gloves "Hyngug" {Str+5} (You found it on level 5 of the Vaults)
 82556 | Vaults:5 | Noticed an ancient lich
 82962 | Zot:1    | Entered Level 1 of the Realm of Zot
 83530 | Zot:1    | Reached skill level 10 in Dodging
 86175 | Zot:5    | Entered Level 5 of the Realm of Zot
 86830 | Zot:5    | Gained mutation: You are strongly in touch with the powers of death. [Mummy growth]
 86830 | Zot:5    | Reached XP level 26. HP: 195/226 MP: 23/23
 86841 | Zot:5    | Noticed an orb of fire
 86844 | Zot:5    | Noticed an orb of fire
 86850 | Zot:5    | Noticed an orb of fire
 86856 | Zot:5    | Killed an orb of fire
 86862 | Zot:5    | Killed an orb of fire
 86883 | Zot:5    | Killed an orb of fire
 86898 | Zot:5    | Noticed an orb of fire
 86920 | Zot:5    | Killed an orb of fire
 87197 | Zot:5    | Noticed an orb of fire
 87213 | Zot:5    | Killed an orb of fire
 87446 | Zot:5    | Noticed an ancient lich
 87457 | Zot:5    | Killed an ancient lich
 87654 | Zot:5    | Noticed an orb of fire
 87683 | Zot:5    | Killed an orb of fire
 88054 | Zot:5    | Noticed an orb of fire
 88078 | Zot:5    | Killed an orb of fire
 88633 | Zot:5    | Noticed an orb of fire
 88651 | Zot:5    | Killed an orb of fire
 88766 | Zot:5    | Noticed an orb of fire
 88849 | Zot:5    | Noticed an orb of fire
 88863 | Zot:5    | Noticed an orb of fire
 88880 | Zot:5    | Noticed an orb of fire
 88891 | Zot:5    | Killed from afar by an orb of fire

Skill      XL: |  1  2  3  4  5  6  7  8  9 10 11 12 13 14 15 16 17 18 19 20 21 22 23 24 25 26 |
---------------+-------------------------------------------------------------------------------+-----
Axes           | 3 5 6 7 8 10 12 13 14 16 17 18 19 20 21 22 23 | 23.3
Fighting       | 3 4 6 8 9 11 12 13 14 15 16 17 18 19 20 21 22 23 | 23.3
Shields        | 3 6 8 9 11 12 13 14 15 | 15.2
Armour         | 3 5 7 9 10 11 12 13 14 15 16 17 | 17.7
Dodging        | 3 5 6 7 9 11 12 | 12.2
Throwing       | |  1.5

Action                   |  1- 3 |  4- 6 |  7- 9 | 10-12 | 13-15 | 16-18 | 19-21 | 22-24 | 25-27 || total
-------------------------+-------+-------+-------+-------+-------+-------+-------+-------+-------++-------
Melee: War axe           |    75 |       |       |    86 |   222 |  1341 |  1582 |  1892 |   677 ||  5875
       Hand axe          |    20 |   141 |   425 |  1008 |   401 |       |       |       |       ||  1995
       Executioner's axe |       |       |       |       |   711 |       |       |       |       ||   711
Invok: Call Merchant     |       |       |       |     2 |     2 |     2 |     2 |     1 |       ||     9
       Potion Petition   |       |       |       |     3 |     3 |     3 |       |       |     6 ||    15
       Bribe Branch      |       |       |       |       |       |       |       |       |     2 ||     2
Evoke: Wand              |       |       |     5 |    20 |     8 |     2 |     4 |     6 |    27 ||    72
       Rod               |       |       |       |    18 |     7 |       |       |       |       ||    25
       Box of beasts     |       |       |       |       |     2 |     1 |       |       |       ||     3
       Lamp of fire      |       |       |       |       |       |       |     2 |     1 |       ||     3
  Use: Scroll            |       |       |    12 |     6 |    11 |    22 |    12 |    17 |    20 ||   100
 Stab: Distracted        |       |       |     1 |     5 |     6 |    15 |     8 |    10 |    12 ||    57
       Confused          |       |       |       |     4 |     2 |       |       |       |       ||     6
Armor: Leather armour    |    46 |    18 |       |       |       |       |       |       |       ||    64
       Scale mail        |       |    28 |   154 |    44 |       |       |       |       |       ||   226
       Plate armour      |       |       |       |   484 |  1038 |   405 |   438 |   742 |   357 ||  3464
Dodge: Dodged            |    81 |    56 |   182 |   282 |   437 |   172 |   224 |   472 |   218 ||  2124
Block: Buckler           |       |       |       |       |    47 |    37 |       |       |       ||    84
       Shield            |       |       |       |       |       |   419 |   791 |  1219 |   406 ||  2835
       Reflection        |       |       |       |       |       |    55 |    81 |    86 |    13 ||   235
       Rpst.: War axe    |       |       |       |       |       |       |       |     4 |       ||     4
